 Dungeon Crawl Stone Soup version 0.28-a0-1429-gf3d713df7a (webtiles) character file.

Game seed: 8955474848883378232

408 HallandMoats the Shield-Bearer (level 6, -2/56 HPs)
             Began as a Ghoul Fighter on Jan 9, 2022.
             Was a Follower of Ashenzari.
             Engulfed by a steam dragon's steam (9 damage)
             ... on level 5 of the Dungeon.
             The game lasted 00:05:26 (3621 turns).

HallandMoats the Shield-Bearer (Ghoul Fighter)      Turns: 3621, Time: 00:05:28

Health: -2/56      AC:  3    Str: 20    XL:     6   Next: 88%
Magic:  5/5        EV: 15    Int:  8    God:    Ashenzari [*.....]
Gold:   114        SH:  5    Dex: 10    Spells: 5/5 levels left

rFire   . . .      SeeInvis .   b - +1 dagger (protect)
rCold   + . .      Faith    .   s - +0 buckler "Paranoia of Ashenzari" {Fort, Evo} (curse)
rNeg    + + +      Spirit   .   u - +1 robe of Wrong Decisions {Will- Regen+ Int+5}
rPois   ∞          Reflect  .   (no helmet)
rElec   .          Harm     .   (no cloak)
rCorr   +          Rampage  .   (no gloves)
Will    .....                   (no boots)
Stlth   +.........              (no amulet)
HPRegen 0.98/turn               p - ring of Ashenzari's Submission {EV+4, Self, Comp} (curse)
MPRegen 0.09/turn               h - ring of resist corrosion

@: no status effects
A: claws 1, cold resistance 1, negative energy resistance 3, inhibited
regeneration, torment resistance 2
a: Renounce Religion, Shatter the Chains


You were on level 5 of the Dungeon.
You worshipped Ashenzari.
Ashenzari was aware of your devotion.
You visited 1 branch of the dungeon, and saw 5 of its levels.

You collected 114 gold pieces.

Inventory:

Hand Weapons
 b - a +1 dagger of protection (weapon)
Armour
 s - the cursed +0 buckler "Paranoia of Ashenzari" (worn) {Fort, Evo}

   It has a curse which improves the following skills: Fortitude: Armour and
   Shields.
   Evocations: Evocations.
 u - the +1 robe of Wrong Decisions (worn) {Will- Regen+ Int+5}
   (You found it on level 2 of the Dungeon)

   Int:       It affects your intelligence (+5).
   Regen:     It increases your rate of health regeneration.
   Will:      It decreases your willpower.
Jewellery
 h - a ring of resist corrosion (right claw)
 n - a ring of flight
 p - the cursed ring of Ashenzari's Submission (left claw) {EV+4, Self, Comp}
   (You found it on level 3 of the Dungeon)

   [ring of evasion]

   EV:        It affects your evasion (+4).
   It has a curse which improves the following skills: Introspection: Fighting
   and Spellcasting.
   Companions: Summonings and Necromancy.
Wands
 a - a wand of polymorph (5)
Scrolls
 e - 2 scrolls of fear
 f - 8 scrolls of identify
 g - a scroll of acquirement
 k - a scroll of fog
 m - a scroll of enchant weapon
 o - a scroll of summoning
 q - 2 scrolls of vulnerability
 t - a scroll of immolation
Potions
 c - a potion of haste
 d - a potion of magic
 i - 3 potions of curing
 j - 2 potions of berserk rage
 l - a potion of degeneration
 r - a potion of ambrosia
 v - 2 potions of flight
 w - a potion of invisibility


   Skills:
 + Level 4.4(5.2) Fighting
 + Level 3.7(4.5) Armour
 + Level 2.3 Dodging
 * Level 4.5(5.3) Shields
 + Level 3.5 Unarmed Combat


You had 5 spell levels left.
You didn't know any spells.
Your spell library contained the following spells:

 Spells                   Type           Power      Damage    Failure   Level
 Foxfire                  Conj/Fire      0%         2x1d4     50%         1
 Call Canine Familiar     Summ           0%         N/A       85%         3
 Conjure Flame            Conj/Fire      0%         6-21      86%         3
 Inner Flame              Hex/Fire       0%         N/A       86%         3
 Portal Projectile        Hex/Tloc       0%         N/A       86%         3
 Flame Wave               Conj/Fire      0%         2d4       99%         4
 Leda's Liquefaction      Hex/Erth       0%         N/A       99%         4


Dungeon Overview and Level Annotations

Branches:
Dungeon (5/15)             Temple (0/1) D:5

Altars:
Ashenzari
Wu Jian

Shops:
D:2 (   D:3 :


Innate Abilities, Weirdness & Mutations

You thrive by killing the living.
You are immune to poison.
You have sharp fingernails.
Your flesh is cold resistant. (rC+)
You are immune to negative energy. (rN+++)
You do not regenerate when monsters are visible.
You are immune to unholy pain and torment.


Message History

The black bear misses you. The black bear completely misses you.
The black bear closely misses you.
The black bear bites you but does no damage.
The black bear barely misses you.
The black bear claws you but does no damage.
You hit the black bear.
You kill the black bear!
You feel better.
You see here a black bear corpse.
You start resting.
HP restored.
You pick up a book of Flames and begin reading...
You add the spells Foxfire, Conjure Flame, Inner Flame and Flame Wave to your library.
a - a wand of polymorph (5)
v - 2 potions of flight You open the door.
There is an open door here.
You open the door.
There is an open door here.
w - a potion of invisibility A steam dragon comes into view.
The steam dragon hisses angrily.
A steam dragon is nearby!
An ogre comes into view. It is wielding a +0 giant club.
The ogre shouts!
The steam dragon breathes steam at you. The ball of steam hits you!
No target in view!
You are engulfed in a cloud of scalding steam.
You are engulfed in a cloud of scalding steam.
You are engulfed in a cloud of scalding steam.
You are engulfed in a cloud of scalding steam.
* * * LOW HITPOINT WARNING * * *
The steam dragon breathes steam at you. The ball of steam hits you!
* * * LOW HITPOINT WARNING * * *
The steam dragon breathes steam at you. The ball of steam misses you.
You are engulfed in a cloud of scalding steam.
You die...

#....................
##'###################
#....# #.O.D.O....
#....# #.#########
#....# #D.........
#....# #...#######
#....# #§#.#
#...§#######O#.#
#....@§§§..D.#.#
#...§#########.#
#....# #.# #....# ..#
#....# ## ######


There were no monsters in sight!

Vanquished Creatures
  2 black bears (D:5)
  A phantom (D:4)
  A centaur skeleton (D:4)
  A bullfrog skeleton (D:5)
  4 adders
  An adder skeleton (D:4)
  A worm (D:3)
  4 dart slugs
  4 ball pythons
  2 endoplasms (D:2)
  4 giant cockroaches
  4 goblins
  4 hobgoblins
  2 jackals (D:1)
  5 kobolds
  3 quokkas
  2 bats (D:1)
  2 frilled lizards
  7 rats
54 creatures vanquished.

Notes
Turn   | Place    | Note
-------+----------+-------------------------------------------
     0 | D:1      | HallandMoats the Ghoul Fighter began the quest for the Orb.
     0 | D:1      | Reached XP level 1. HP: 19/19 MP: 0/0
   193 | D:1      | Reached XP level 2. HP: 21/26 MP: 1/1
   454 | D:1      | Noticed a great orb of eyes
   460 | D:1      | Noticed a great orb of eyes
   462 | D:1      | Found a faded altar of an unknown god.
   463 | D:1      | Noticed a shining eye
   463 | D:1      | Noticed a great orb of eyes
   811 | D:2      | Reached XP level 3. HP: 31/31 MP: 2/2
   871 | D:2      | Found Ocreid's Antique Weapon Boutique.
   981 | D:2      | Found a broken altar of Ashenzari.
   994 | D:2      | Reached skill level 1 in Dodging
   997 | D:2      | Identified the +1 robe of Wrong Decisions {Will- Regen+
                  | Int+5}
  1011 | D:2      | Became a worshipper of Ashenzari the Shackled
  1231 | D:2      | Reached XP level 4. HP: 39/40 MP: 3/3
  1613 | D:3      | Found Jocseupn's Book Shop.
  1822 | D:3      | Found an ornate altar of the Wu Jian Council.
  2034 | D:4      | Noticed a phantom
  2062 | D:4      | Killed a phantom
  2063 | D:4      | Reached XP level 5. HP: 8/46 MP: 4/4
  2777 | D:5      | Entered Level 5 of the Dungeon
  2856 | D:5      | Reached XP level 6. HP: 35/52 MP: 5/5
  2975 | D:5      | Found a staircase to the Ecumenical Temple.
  2975 | D:5      | Noticed a black bear
  2998 | D:5      | Killed a black bear
  3393 | D:2      | Reached * piety under Ashenzari
  3393 | D:2      | Identified a scroll of acquirement
  3461 | D:5      | Noticed a black bear
  3486 | D:5      | Killed a black bear
  3599 | D:5      | Noticed a steam dragon
  3621 | D:5      | Engulfed by a steam dragon's steam

Illustrated notes

Levels and vault maps discovered:
D:1:      dpeg_arrival_rooms_with_view, layout_loops_cross,
          hellmonk_ecumenical_altar_watching_god
D:2:      layout_basic, basic_altar, serial_shops, nicolae_shop_hallway_plus
D:3:      layout_rooms, nzn_wu_jian_council_hall, serial_shops, shop,
          st_stairs_14, corexii_corridor_pit
D:4:      layout_rooms
D:5:      layout_basic, minmay_temple_entry_hall

Skill      XL: |  1  2  3  4  5  6 |
---------------+-------------------+-----
Shields        | 3 4 |  4.5
Armour         | 3 |  3.7
Dodging        | 1 2 |  2.3
Fighting       | 4 |  4.4
Unarmed Combat | 3 |  3.5

Action                   |  1- 3 |  4- 6 || total
-------------------------+-------+-------++-------
Melee: Unarmed           |   101 |    64 ||   165
       Dagger            |       |    76 ||    76
Invok: Curse Item        |       |     2 ||     2
  Use: Potion            |       |     2 ||     2
Armor: Scale mail        |    37 |    77 ||   114
       Robe              |       |    21 ||    21
Dodge: Dodged            |    37 |    82 ||   119
Block: Buckler           |    20 |    44 ||    64

Table legend: (Time is in decaauts)
 A = Elapsed time spent in this place.
 B = Non-inter-level travel time spent in this place.
 C = Inter-level travel time spent in this place.
 D = Time resting spent in this place.
 E = Time spent auto-exploring this place.
 F = Levels seen in this place.
 G = Mean time per level.
                   A        B        C        D        E       F      G
               +--------+--------+--------+--------+--------+-----+--------+
         Total |   3623 |   3294 |    329 |    442 |   2331 |   5 |  724.6 |
       Dungeon |   3623 |   3294 |    329 |    442 |   2331 |   5 |  724.6 |
               +--------+--------+--------+--------+--------+-----+--------+

Top non-repeatable levels by time:
     D:4: 824 daAuts
     D:1: 759 daAuts
     D:2: 734 daAuts
     D:5: 698 daAuts
     D:3: 607 daAuts
